 Dungeon Crawl Stone Soup version 0.26.0-10-g1f06aea511 (webtiles) character file.

Game seed: 15131959741768530017

6967 funkygono the Destroyer (level 10, -1/74 HPs)
             Began as a Red Draconian Conjurer on Jan 31, 2021.
             Was a Believer of Sif Muna.
             Slain by a bullfrog simulacrum (3 damage)
             ... on level 9 of the Dungeon.
             The game lasted 00:23:40 (11147 turns).

funkygono the Destroyer (Red Draconian Conjurer)   Turns: 11147, Time: 00:23:43

Health: -1/74      AC: 13    Str:  9    XL:     10   Next: 81%
Magic:  9/24       EV: 14    Int: 21    God:    Sif Muna [**....]
Gold:   552        SH:  0    Dex: 17    Spells: 23/29 levels left

rFire    + . .     SeeInvis .   g - +0 whip
rCold    . . .     Faith    .   (no shield)
rNeg     . . .     Spirit   .   (armour unavailable)
rPois    .         Reflect  .   (helmet restricted)
rElec    +         Harm     .   (no cloak)
rCorr    +         Rampage  +   n - +0 pair of gloves
Will     .....                  f - +4 pair of boots of the Desert {Rampage rElec rCorr}
Stlth    +++.......             (no amulet)
HPRegen  0.22/turn              c - +6 ring of dexterity
MPRegen  0.19/turn              m - ring of resist corrosion

@: no status effects
A: breathe fire, unfitting armour, fire resistance 1, cold-blooded, AC +7
a: Breathe Fire, Renounce Religion, Channel Magic


You were on level 9 of the Dungeon.
You worshipped Sif Muna.
Sif Muna was pleased with you.
You visited 2 branches of the dungeon, and saw 10 of its levels.

You collected 552 gold pieces.

Inventory:

Hand Weapons
 g - a +0 whip (weapon)
 j - a +1 mace of holy wrath
Missiles
 k - 314 stones
Armour
 f - the +4 pair of boots of the Desert (worn) {Rampage rElec rCorr}
   (You found it on level 4 of the Dungeon)

   It insulates you from electricity.
   It provides partial protection from all sources of acid and corrosion.
   It bestows one free step when moving towards enemies.
 n - a +0 pair of gloves (worn)
Magical Staves
 s - an uncursed staff of air
Jewellery
 c - a +6 ring of dexterity (left hand)
 m - a ring of resist corrosion (right hand)
Wands
 v - a wand of flame (16)
 A - a wand of disintegration (17)
 B - a wand of digging (5)
Scrolls
 h - a scroll of fear
 l - 6 scrolls of remove curse
 o - a scroll of teleportation
 r - a scroll of blinking
Potions
 a - 4 potions of attraction
 b - a potion of mutation {unknown}
 d - 3 potions of resistance
 e - a potion of curing
 i - a potion of berserk rage {unknown}
 q - 2 potions of might
 t - 2 potions of magic
 u - a potion of heal wounds {unknown}
 x - 2 potions of flight {unknown}
 z - a potion of ambrosia {unknown}


   Skills:
 + Level 2.6 Fighting
 + Level 2.7 Maces & Flails
 + Level 4.3 Dodging
 + Level 3.5 Stealth
 * Level 10.1 Spellcasting
 * Level 10.6 Conjurations
 * Level 5.0 Fire Magic


You had 23 spell levels left.
You knew the following spells:

 Your Spells              Type           Power        Failure   Level
a - Magic Dart            Conj           100%         1%          1
b - Searing Ray           Conj           100%         1%          2
c - Conjure Flame         Conj/Fire      43%          1%          3

Your spell library contained the following spells:

 Spells                   Type           Power        Failure   Level
 Foxfire                  Conj/Fire      100%         1%          1
 Shock                    Conj/Air       100%         1%          1
 Dazzling Flash           Conj/Hex       64%          2%          3
 Static Discharge         Conj/Air       32%          2%          3
 Sticky Flame             Conj/Fire      43%          2%          4
 Mephitic Cloud           Conj/Pois/Air  25%          4%          3
 Inner Flame              Hex/Fire       21%          7%          3
 Fulminant Prism          Conj/Hex       16%          7%          4
 Iskenderun's Mystic Bla  Conj/Tloc      32%          7%          4
 Fireball                 Conj/Fire      21%          7%          5
 Blink                    Tloc           N/A          10%         2
 Call Imp                 Summ           10%          10%         2
 Slow                     Hex            10%          10%         2
 Swiftness                Air            10%          10%         2
 Lightning Bolt           Conj/Air       16%          21%         5
 Airstrike                Air            5%           54%         4


Dungeon Overview and Level Annotations

Branches:
Dungeon (9/15)             Temple (1/1) D:6
   Lair: D:8-11         Orc: D:9-12

Altars:
Ashenzari
Cheibriados
Dithmenos
Elyvilon
Fedhas
Gozag
Hepliaklqana
Kikubaaqudgha
Makhleb
Nemelex Xobeh
Okawaru
Qazlal
Ru
Sif Muna
Trog
Uskayaw
Vehumet
Wu Jian
Xom
Yredelemnul
Zin
The Shining One
Lugonu


Innate Abilities, Weirdness & Mutations

You can breathe blasts of fire.
Your fiery red scales are hard. (AC +7)
You cannot fit into any form of body armour.
Your flesh is heat resistant. (rF+)
You are cold-blooded and may be slowed by cold attacks.


Message History

* * * LOW HITPOINT WARNING * * *
The searing ray hits the centaur warrior!
The centaur warrior is almost dead.
The centaur warrior hits you.
* * * LOW HITPOINT WARNING * * *
The searing ray hits the centaur warrior!
You kill the centaur warrior!
Sif Muna accepts your kill.
You finish channeling your searing ray.
Your Spellcasting skill increases to level 10!
Your Fire Magic skill increases to level 5!
Casting: Searing Ray (safe; 1% risk of failure)
Confirm with . or Enter, or press ? or * to list all spells.
Aiming: Magic Dart (safe; 1% risk of failure)
Press: ? - help, Shift-Dir - straight line, f - bullfrog simulacrum
Aim: a bullfrog simulacrum (0% to evade)
The magic dart hits the bullfrog simulacrum.
The bullfrog simulacrum is lightly damaged.
The bullfrog simulacrum hits you.
You die...

#.##### #.
.. #.# #..
.. #.#
#'###' #.#
..#.. #.#
.).. #.#
#). #.#
#Z######.#
#)@((....#
##########


You could see a bullfrog simulacrum.

Vanquished Creatures
  A centaur warrior (D:9)
  An unseen horror (D:9)
  A cyclops (D:9)
  Maggie (D:6)
  A kobold demonologist (D:8)
  A hornet (D:9)
  A shadow (D:8)
  4 yaks (D:9)
  A water moccasin (D:7)
  2 black bears
  2 orc warriors (D:8)
  A necrophage (D:7)
  2 sky beasts (D:7)
  2 phantoms
  4 ogres
  5 centaurs
  7 bullfrogs
  A big kobold (D:9)
  A scorpion (D:4)
  6 killer bees (D:8)
  4 wights (D:7)
  5 howler monkeys
  4 lava snakes (D:8)
  4 jellies
  4 hounds
  3 orc priests
  2 bullfrog skeletons
  4 centaur skeletons
  Ijyb (D:5)
  3 iguanas
  Natasha (thrice) (D:4)
  3 orc wizards
  4 worker ants
  A hound skeleton (D:5)
  A killer bee simulacrum (D:9)
  4 gnolls (D:2)
  6 adders
  A shadow imp (D:5)
  3 white imps
  An ufetubus (D:7)
  An ooze (D:3)
  A worm (D:4)
  3 adder skeletons
  An adder zombie (D:6)
  5 leopard geckos
  9 orcs
  6 ball pythons
  3 giant cockroaches
  8 goblins
  9 hobgoblins
  2 jackals (D:1)
  12 kobolds
  2 quokkas
  12 bats
  2 frilled lizards
  A giant cockroach zombie (D:5)
  2 gnoll zombies (D:7)
  A jackal zombie (D:7)
  A leopard gecko zombie (D:5)
  10 rats
197 creatures vanquished.

Notes
Turn   | Place    | Note
-------+----------+-------------------------------------------
     0 | D:1      | funkygono the Draconian Conjurer began the quest for the
                  | Orb.
     0 | D:1      | Reached XP level 1. HP: 14/14 MP: 3/3
   232 | D:1      | Reached XP level 2. HP: 20/20 MP: 0/5
   288 | D:1      | Learned a level 2 spell: Searing Ray
  1274 | D:2      | Reached XP level 3. HP: 26/26 MP: 1/6
  1526 | D:2      | Reached XP level 4. HP: 33/33 MP: 0/8
  1600 | D:2      | Reached skill level 5 in Conjurations
  1699 | D:2      | Found a faded altar of an unknown god.
  1703 | D:2      | Noticed a bullfrog
  1709 | D:2      | Killed a bullfrog
  1710 | D:2      | Reached XP level 5. HP: 38/38 MP: 1/10
  3504 | D:4      | Found a shimmering altar of Xom.
  3506 | D:4      | Found a glowing silver altar of Zin.
  3508 | D:4      | Found an iron altar of Okawaru.
  3509 | D:4      | Found a snail-covered altar of Cheibriados.
  3510 | D:4      | Found a broken altar of Ashenzari.
  3511 | D:4      | Found a stormy altar of Qazlal.
  3513 | D:4      | Found a glowing golden altar of the Shining One.
  3620 | D:4      | Got a pair of distressingly furry boots
  3626 | D:4      | Identified the +4 pair of boots of the Desert {Rampage
                  | rElec rCorr} (You found it on level 4 of the Dungeon)
  3667 | D:4      | Reached XP level 6. HP: 45/45 MP: 5/11
  4351 | D:4      | Noticed Natasha
  4354 | D:4      | Killed Natasha
  4543 | D:4      | Noticed Natasha
  4547 | D:4      | Killed Natasha
  4903 | D:4      | Noticed Natasha
  4907 | D:4      | Killed Natasha
  4946 | D:5      | Entered Level 5 of the Dungeon
  4961 | D:5      | Your scales start taking on a fiery red colour.
  4961 | D:5      | Reached XP level 7. HP: 50/50 MP: 3/14
  4961 | D:5      | Gained mutation: Your flesh is heat resistant. (rF+) [Red
                  | Draconian growth]
  5147 | D:5      | Reached skill level 5 in Spellcasting
  5511 | D:5      | Found a shadowy altar of Dithmenos.
  5613 | D:5      | Noticed Ijyb
  5620 | D:5      | Killed Ijyb
  6130 | D:6      | Found a staircase to the Ecumenical Temple.
  6142 | Temple   | Entered the Ecumenical Temple
  6160 | Temple   | Became a worshipper of Sif Muna the Loreminder
  6288 | D:6      | Noticed Maggie
  6299 | D:6      | Killed Maggie
  6300 | D:6      | Reached XP level 8. HP: 34/58 MP: 3/16
  6313 | D:6      | Reached skill level 1 in Fighting
  6673 | D:6      | Found a blossoming altar of Fedhas.
  7086 | D:7      | Found a basalt altar of Yredelemnul.
  7177 | D:7      | Found a bloodstained altar of Trog.
  7214 | D:7      | Found a hide-covered altar of Uskayaw.
  7586 | D:7      | Learned a level 3 spell: Conjure Flame
  7738 | D:7      | Reached XP level 9. HP: 67/67 MP: 13/19
  8739 | D:8      | Found an ornate altar of the Wu Jian Council.
  9184 | D:8      | Reached skill level 1 in Maces & Flails
  9190 | D:8      | Reached skill level 1 in Fire Magic
  9238 | D:8      | Reached * piety under Sif Muna
  9698 | D:8      | Found a burning altar of Makhleb.
  9927 | D:8      | Found a blossoming altar of Fedhas.
 10201 | D:8      | Noticed a kobold demonologist
 10207 | D:8      | Killed a kobold demonologist
 10216 | D:8      | Reached XP level 10. HP: 73/73 MP: 15/22
 10542 | D:9      | Found a sacrificial altar of Ru.
 10750 | D:9      | Reached skill level 10 in Conjurations
 11019 | D:9      | Noticed a cyclops
 11025 | D:9      | Killed an unseen horror
 11043 | D:9      | Killed a cyclops
 11134 | D:9      | Noticed a centaur warrior
 11138 | D:9      | HP: 1/74 [centaur warrior (6)]
 11144 | D:9      | HP: 2/74 [centaur warrior (2)]
 11146 | D:9      | Killed a centaur warrior
 11146 | D:9      | Reached ** piety under Sif Muna
 11147 | D:9      | Reached skill level 10 in Spellcasting
 11147 | D:9      | Reached skill level 5 in Fire Magic
 11147 | D:9      | Slain by a bullfrog simulacrum

Illustrated notes

Levels and vault maps discovered:
D:1:      dpeg_arrival_shrine, layout_loops_ring
D:2:      layout_loops_corners, chequers_ecumenical_altar_island
D:3:      layout_loops_corners, hex_large
D:4:      layout_loops_cross, minitemple, uniq_natasha
D:5:      layout_cave_pools, nicolae_dithmenos_shadow_blocks,
          serial_column_ruins, column_ruins_columns_straight,
          column_ruins_grid_4, column_ruins_open_tiny, column_ruins_open_tiny,
          column_ruins_grid_3, uniq_ijyb
D:6:      layout_basic, lemuel_doored_altar, minmay_temple_entry_statues,
          minmay_misc_feat_alley, uniq_maggie
D:7:      layout_layer_cave, lemuel_zombie_altar_yredelemnul,
          grunt_temple_overflow_open, hangedman_decor_diamond_cutter
D:8:      kennysheep_big_flooded_room, layout_gridville, marbit_many_paths,
          pdpol_wu_jian_five_deadly_venoms, kennysheep_donut,
          fedhas_bush_and_centaur_altar
D:9:      layout_rooms, kennysheep_mini_moat, serial_shops, shop,
          minmay_evil_grid
Temple:   corrupted_temple

Skill      XL: |  1  2  3  4  5  6  7  8  9 10 |
---------------+-------------------------------+-----
Dodging        | 2 3 4 |  4.3
Conjurations   | 5 6 7 8 9 10 | 10.6
Stealth        | 2 3 |  3.5
Spellcasting   | 3 4 5 7 8 10 | 10.1
Fighting       | 1 2 |  2.6
Maces & Flails | 2 |  2.7
Fire Magic     | 3 5 |  5.0

Action                   |  1- 3 |  4- 6 |  7- 9 | 10-12 || total
-------------------------+-------+-------+-------+-------++-------
Melee: Club              |     7 |       |       |       ||     7
       Mace              |     2 |       |       |       ||     2
       Tailslap          |     1 |       |     7 |     3 ||    11
       Whip              |     4 |     4 |    55 |    32 ||    95
 Cast: Magic Dart        |    43 |    66 |    98 |    22 ||   229
       Searing Ray       |     7 |    22 |    61 |    22 ||   112
 Abil: Breathe Fire      |       |       |     2 |       ||     2
  Use: Scroll            |     4 |     4 |     6 |     3 ||    17
       Potion            |       |       |     1 |     5 ||     6
Armor: Skin              |     5 |     5 |    55 |    15 ||    80
Dodge: Dodged            |    10 |    15 |   103 |    37 ||   165
